 Dungeon Crawl Stone Soup version 0.31.0-2-g5a2aebc5c2 (webtiles) character file.

Game seed: 13061260485905609996

508 boopmooplesden the Covered (level 6, -6/51 HPs)
             Began as an Armataur Fighter on Jan 20, 2024.
             Mangled by Menkaure (13 damage)
             ... on level 5 of the Dungeon.
             The game lasted 00:05:37 (3659 turns).

boopmooplesden the Covered (Armataur Fighter)       Turns: 3659, Time: 00:05:37

Health: -6/51      AC: 12    Str: 22    XL:     6   Next: 98%
Magic:  6/6        EV:  7    Int:  8    God:
Gold:   229        SH:  0    Dex: 11    Spells: 5/5 levels left

rFire   . . .        a - +1 long sword
rCold   . . .        e - +0 kite shield
rNeg    . . .        q - +5 scale mail
rPois   .            (no helmet)
rElec   .            (no cloak)
rCorr   .            (no gloves)
SInv    .            (no barding)
Will    .....        (no amulet) Stlth
                     (no ring)
HPRegen 0.28/turn    (no ring)
MPRegen 0.10/turn

%: roll
@: confused
A: large, deformed body, tough skin 3, armoured tail, roll 1
a: no special abilities


You were on level 5 of the Dungeon.
You visited 1 branch of the dungeon, and saw 5 of its levels.

You collected 229 gold pieces.

Inventory:

Hand Weapons
 a - a +1 long sword (weapon)
Missiles
 d - 2 throwing nets (quivered)
Armour
 b - a +0 scale mail
 c - a +0 buckler
 e - a +0 kite shield (worn)
 q - a +5 scale mail (worn)
Jewellery
 l - a ring of poison resistance
Wands
 j - a wand of flame (26)
Scrolls
 f - a scroll of identify
 h - 2 scrolls of teleportation
 o - a scroll of summoning
 u - a scroll of poison
Potions
 g - a potion of berserk rage {unknown}
 i - a potion of brilliance {unknown}
 m - a potion of resistance {unknown}
 n - 4 potions of curing
 r - a potion of mutation {unknown}
 t - a potion of haste {unknown}


   Skills:
 + Level 3.5 Fighting
 + Level 4.5 Long Blades
 + Level 5.2 Armour
 + Level 1.1 Dodging
 + Level 0.3 Stealth
 + Level 4.8 Shields


You had 5 spell levels left.
You didn't know any spells.
Your spell library contained the following spells:

 Spells                   Type           Power      Damage    Failure   Level
 Lesser Beckoning         Tloc           0%         N/A       98%         2
 Gell's Gravitas          Tloc           0%         N/A       100%        3
 Passwall                 Erth           0%         N/A       100%        3
 Teleport Other           Tloc           0%         N/A       100%        3
 Leda's Liquefaction      Alch/Erth      0%         N/A       100%        4
 Summon Lightning Spire   Summ/Air       0%         N/A       100%        4
 Lee's Rapid Deconstruct  Erth           0%         3d4*      100%        5
 Bombard                  Conj/Erth      0%         9d1       100%        6
 Maxwell's Capacitive Co  Air            0%         ∞         100%        8


Dungeon Overview and Level Annotations

Branches:
Dungeon (5/15)             Temple (0/1) D:4

Altars:
Xom
Yredelemnul
Zin

Annotations:
D:5 Menkaure, Sigmund


Innate Abilities, Weirdness & Mutations

Armour fits poorly on your strangely shaped body.
You have extremely tough skin. (AC +3)
You have a long armoured tail.
You regenerate magic when rolling toward enemies. (Rampage MPRegen)


Message History

You hit something but do no damage.
Your tail-slap misses something.
Something hits you.
You closely miss something. Something hits you but does no damage.
Menkaure, Prince of Dust comes into view.
You miss something. Something hits you.
You closely miss something.
You hear some strange, mumbled words.
Something tries to affect you, but you resist.
You miss something. Something hits you but does no damage.
You hit something. Something hits you.
You barely miss something.
Menkaure mumbles some strange words.
Menkaure seems to speed up.
Something hits you but does no damage.
You completely miss Menkaure. Menkaure hits you but does no damage.
You hear some strange, mumbled words.
Something tries to affect you, but you resist.
You hit Menkaure.
Menkaure is lightly damaged.
Menkaure barely misses you. You block Menkaure's attack.
You hear some strange, mumbled words.
Something tries to affect you, but you resist.
You barely miss Menkaure.
Your tail-slap misses Menkaure.
Menkaure is lightly damaged.
Menkaure hits you but does no damage.
You hear some strange, mumbled words.
A magic dart appears from out of thin air!
The magic dart hits you. You block Menkaure's attack.
You hit Menkaure.
Menkaure is moderately damaged.
Something hits you but does no damage. Menkaure hits you!
* * * LOW HITPOINT WARNING * * *
You hit Menkaure.
Menkaure is heavily damaged.
Menkaure hits you!
* * * LOW HITPOINT WARNING * * *
You hear some strange, mumbled words.
You are confused.
Menkaure giggles, "These cerements are ticklish..."
Menkaure hits you!
You die...

.##
###....†.##....)...#
# .
###.##.........######
#..#####...##.....##
...## ##.########.##
.#.. #..# #... # #.#
###.## ##... #.
###...########.... #
#. #...##.........###
....##@####.#########
# #.M{†....# #
#...##..### # ....#.
##..# # ..##... ##.#
# # ##.. .# # #.# ..
# #. #.# # .# #


You could see Menkaure (fast).

Vanquished Creatures
  A phantom (D:5)
  A howler monkey (D:5)
  A centaur zombie (D:4)
  A bombardier beetle (D:5)
  2 hounds (D:5)
  An iguana (D:5)
  4 hound zombies (D:4)
  8 gnolls
  4 adders
  2 ufetubi (D:4)
  2 orcs (D:4)
  6 ball pythons
  6 endoplasms
  2 goblins
  A hobgoblin (D:1)
  9 jackals
  9 kobolds
  4 quokkas
  5 bats
  4 frilled lizards
  4 rats
77 creatures vanquished.

Vanquished Creatures (collateral kills)
  An orc (D:4)
  A giant cockroach (D:4)
  A hobgoblin (D:4)
3 creatures vanquished.

Grand Total: 80 creatures vanquished

Notes
Turn   | Place    | Note
-------+----------+-------------------------------------------
     0 | D:1      | boopmooplesden the Armataur Fighter began the quest for the
                  | Orb.
     0 | D:1      | Reached XP level 1. HP: 18/18 MP: 1/1
   265 | D:1      | Reached XP level 2. HP: 25/25 MP: 2/2
   408 | D:1      | Reached skill level 4 in Armour
   541 | D:1      | Found a faded altar of an unknown god.
  1205 | D:3      | Reached XP level 3. HP: 15/30 MP: 3/3
  1279 | D:3      | Got the Writings on the Cloudy Gargoyle
  1290 | D:3      | Found a large runed translucent door.
  1290 | D:3      | Found a large runed translucent door.
  1528 | D:3      | Reached XP level 4. HP: 18/38 MP: 4/4
  1865 | D:3      | Found a shimmering altar of Xom.
  2238 | D:3      | Paralysed by a kobold for 1 turns
  2522 | D:4      | Reached XP level 5. HP: 28/45 MP: 5/5
  2881 | D:4      | Found a glowing silver altar of Zin.
  3018 | D:4      | Found a basalt altar of Yredelemnul.
  3053 | D:4      | Found a staircase to the Ecumenical Temple.
  3224 | D:4      | Reached XP level 6. HP: 49/51 MP: 6/6
  3435 | D:5      | Entered Level 5 of the Dungeon
  3552 | D:5      | Reached skill level 5 in Armour
  3616 | D:5      | Reached skill level 1 in Dodging
  3623 | D:5      | Noticed Sigmund
  3649 | D:5      | Noticed Menkaure
  3659 | D:5      | Mangled by Menkaure

Illustrated notes

Levels and vault maps discovered:
D:1:      tarquinn_simple_flora_water_d, layout_basic,
          ebering_ecumenical_altar_rust, chequers_arboretum,
          chequers_serial_rivers_small_3
D:2:      layout_rooms
D:3:      due_chaos_kobolds, layout_basic
D:4:      layout_cave_pods, nicolae_yredelemnul_corpse_copse,
          lemuel_doored_altar, minmay_temple_entry_from_below_a
D:5:      layout_rooms, uniq_sigmund, uniq_menkaure

Skill      XL: |  1  2  3  4  5  6 |
---------------+-------------------+-----
Armour         | 4 5 |  5.2
Long Blades    | 2 3 4 |  4.5
Fighting       | 3 |  3.5
Shields        | 4 |  4.8
Dodging        | 1 |  1.1
Stealth        | |  0.3

Action                     |  1- 3 |  4- 6 || total
---------------------------+-------+-------++-------
  Melee: Long sword        |   103 |   203 ||   306
         Tailslap          |    11 |    20 ||    31
    Use: Potion            |     1 |     1 ||     2
         Scroll            |       |    11 ||    11
 Armour: Scale mail        |    97 |   248 ||   345
  Dodge: Dodged            |    50 |    92 ||   142
  Block: Buckler           |     7 |       ||     7
         Kite shield       |    38 |   134 ||   172
